 Dungeon Crawl Stone Soup version 0.32-a0-818-gb728d0252e (webtiles) character file.

Game seed: 10351104156413859924

1500 smashvw the Basher (level 8, -5/73 HPs)
             Began as a Minotaur Fighter on Mar 24, 2024.
             Slain by a troll (10 damage)
             ... on level 6 of the Dungeon.
             The game lasted 00:13:53 (4864 turns).

smashvw the Basher (Minotaur Fighter)               Turns: 4864, Time: 00:13:53

Health: -5/73      AC: 17    Str: 24    XL:     8   Next: 52%
Magic:  7/7        EV:  5    Int:  5    God:
Gold:   205        SH:  4    Dex:  9    Spells: 7/7 levels left

rFire   . . .        a - +0 flail
rCold   . . .        c - +0 buckler
rNeg    . . .        u - +0 plate armour
rPois   .            (helmet restricted)
rElec   .            (no cloak)
rCorr   .            (no gloves)
SInv    .            (no boots)
Will    .....        (no amulet) Stlth
                     e - +4 ring of protection
HPRegen 0.32/turn    (no ring)
MPRegen 0.10/turn

%: no passive effects
@: mighty
A: horns 2, retaliatory headbutt
a: no special abilities


You were on level 6 of the Dungeon.
You visited 2 branches of the dungeon, and saw 7 of its levels.

You collected 205 gold pieces.

Inventory:

Hand Weapons
 a - a +0 flail (weapon)
Armour
 c - a +0 buckler (worn)
 u - a +0 plate armour (worn)
Jewellery
 e - a +4 ring of protection (left hand)
Wands
 b - a wand of digging (5)
Scrolls
 g - a scroll of immolation {unknown}
 i - 3 scrolls of teleportation
 j - a scroll of enchant weapon {unknown}
 k - a scroll of silence {unknown}
 m - a scroll of poison {unknown}
 n - a scroll of noise {unknown}
 r - 3 scrolls of identify {unknown}
 s - a scroll of torment {unknown}
 t - a scroll of blinking {unknown}
 z - a scroll of vulnerability {unknown}
 A - a scroll of brand weapon {unknown}
 B - a scroll of fear {unknown}
 C - a scroll of acquirement {unknown}
Potions
 d - 2 potions of might
 f - a potion of brilliance {unknown}
 h - 2 potions of lignification {unknown}
 l - 3 potions of mutation {unknown}
 o - a potion of heal wounds {unknown}
 p - a potion of cancellation {unknown}
 q - a potion of haste {unknown}
 v - a potion of berserk rage {unknown}
 w - 2 potions of resistance {unknown}
 x - a potion of magic {unknown}
 D - a potion of attraction {unknown}


   Skills:
 + Level 7.1 Fighting
 * Level 9.1 Maces & Flails
 + Level 7.1 Armour
 - Level 5.0 Shields


You had 7 spell levels left.
You didn't know any spells.
Your spell library contained the following spells:

 Spells                   Type           Power      Damage    Failure   Level
 Magic Dart               Conj           0%         1d3       100%        1
 Blink                    Tloc           0%         N/A       100%        2
 Call Imp                 Summ           0%         N/A       100%        2
 Searing Ray              Conj           0%         2d4       100%        2
 Static Discharge         Conj/Air       0%         3-3/arc   100%        2
 Passwall                 Erth           0%         N/A       100%        3
 Volatile Blastmotes      Fire/Tloc      0%         2d10      100%        3
 Airstrike                Air            0%         2d(0-16)  100%        4
 Fulminant Prism          Conj/Alch      0%         3d5       100%        4
 Passage of Golubria      Tloc           0%         N/A       100%        4
 Summon Lightning Spire   Summ/Air       0%         N/A       100%        4
 Silence                  Hex/Air        0%         N/A       100%        5
 Bombard                  Conj/Erth      0%         9d1       100%        6
 Lehudib's Crystal Spear  Conj/Erth      0%         10d2      100%        8


Dungeon Overview and Level Annotations

Branches:
Dungeon (6/15)             Temple (1/1) D:4

Altars:
Ashenzari
Dithmenos
Elyvilon
Gozag
Makhleb
Qazlal
Ru
Sif Muna
Trog
Uskayaw
Wu Jian
Xom
Yredelemnul
Zin
The Shining One


Innate Abilities, Weirdness & Mutations

You have a pair of horns on your head.
You reflexively headbutt those who attack you in melee.


Message History

The troll is lightly wounded.
The troll bites you but does no damage. The troll barely misses you.
The troll claws you.
You closely miss the troll.
The troll is lightly wounded.
You block the troll's attack. The troll claws you but does no damage.
The troll barely misses you.
You hit the troll but do no damage. You headbutt the troll.
The troll is lightly wounded.
The troll bites you but does no damage. The troll claws you but does no damage.
The troll claws you!
You closely miss the troll.
The troll is lightly wounded.
The troll bites you. The troll claws you but does no damage.
The troll claws you.
You feel very mighty all of a sudden. The troll bites you.
You block the troll's attack. The troll claws you but does no damage.
You closely miss the troll. Your headbutt misses the troll.
The troll is lightly wounded.
The troll bites you! The troll claws you!
The troll claws you but does no damage.
You are too injured to fight recklessly!
You closely miss the troll.
The troll is lightly wounded.
The troll bites you!
* * * LOW HITPOINT WARNING * * *
The troll claws you.
* * * LOW HITPOINT WARNING * * *
The troll claws you!
* * * LOW HITPOINT WARNING * * *
You closely miss the troll. Your headbutt misses the troll.
The troll is lightly wounded.
The troll barely misses you. The troll claws you but does no damage.
You block the troll's attack.
You hit the troll but do no damage. The troll bites you.
* * * LOW HITPOINT WARNING * * *
The troll barely misses you. The troll claws you but does no damage.
You completely miss the troll. The troll bites you!
You die...

.....### .......
#....... ....... ...
........ #...... #...
........ ......## ....
........ #......
....##........
#.....##............#.
###....T..##........###.
..$....@..##.....[......
.................##.....
##.##..)##..............
#...†................
#.............##..#..
#.................###
####...$.......######
#............##.#.
#............#....


You could see a troll.

Vanquished Creatures
  Prince Ribbit (D:5)
  2 black bears
  2 ice beasts
  A sky beast (D:6)
  3 bullfrogs
  A scorpion (D:6)
  2 hounds (D:4)
  A jelly (D:5)
  2 bombardier beetles
  An orc priest (D:6)
  4 iguanas
  Natasha (twice) (D:2)
  3 orc wizards
  5 adders
  3 gnolls (D:5)
  A shadow imp (D:6)
  A white imp (D:6)
  2 dart slugs
  11 orcs
  4 ball pythons
  3 bats (D:3)
  11 endoplasms
  13 goblins
  9 hobgoblins
  3 jackals (D:1)
  5 kobolds
  5 quokkas
  3 frilled lizards
  6 rats
110 creatures vanquished.

Notes
Turn   | Place    | Note
-------+----------+-------------------------------------------
     0 | D:1      | smashvw the Minotaur Fighter began the quest for the Orb.
     0 | D:1      | Reached XP level 1. HP: 19/19 MP: 0/0
   101 | D:1      | Reached XP level 2. HP: 27/27 MP: 1/1
   146 | D:1      | Reached skill level 3 in Maces & Flails
   287 | D:1      | Reached XP level 3. HP: 33/33 MP: 2/2
   456 | D:1      | Found a faded altar of an unknown god.
  1183 | D:2      | Noticed Natasha
  1187 | D:2      | Killed Natasha
  1188 | D:2      | Reached skill level 4 in Maces & Flails
  1188 | D:2      | Reached XP level 4. HP: 40/40 MP: 3/3
  1212 | D:2      | Noticed Natasha
  1216 | D:2      | Killed Natasha
  1720 | D:3      | Reached XP level 5. HP: 47/47 MP: 4/4
  2625 | D:4      | Reached skill level 5 in Maces & Flails
  2644 | D:4      | Found a staircase to the Ecumenical Temple.
  2700 | D:4      | Reached XP level 6. HP: 55/55 MP: 5/5
  2712 | D:4      | Reached skill level 5 in Fighting
  2715 | Temple   | Entered the Ecumenical Temple
  2758 | D:4      | Reached skill level 5 in Armour
  2758 | D:4      | Reached skill level 5 in Shields
  3131 | D:5      | Entered Level 5 of the Dungeon
  3138 | D:5      | Reached skill level 6 in Maces & Flails
  3157 | D:5      | Found a glowing golden altar of the Shining One.
  3242 | D:5      | Noticed an ice beast
  3250 | D:5      | Killed an ice beast
  3251 | D:5      | Reached XP level 7. HP: 46/61 MP: 6/6
  3554 | D:5      | Noticed Prince Ribbit
  3586 | D:5      | Killed Prince Ribbit
  3587 | D:5      | Reached skill level 7 in Maces & Flails
  4429 | D:6      | Reached XP level 8. HP: 59/71 MP: 7/7
  4551 | D:6      | Reached skill level 8 in Maces & Flails
  4636 | D:6      | Noticed a troll
  4730 | D:6      | Reached skill level 9 in Maces & Flails
  4864 | D:6      | Slain by a troll

Illustrated notes

Levels and vault maps discovered:
D:1:      minmay_arrival_floating_metal, layout_rooms,
          ebering_ecumenical_altar_box, minmay_misc_feat_tiny,
          minmay_tetromino_l4
D:2:      layout_loops_ring, uniq_natasha
D:3:      kennysheep_the_goblin_king, layout_loops_corners
D:4:      layout_loops_ring, minmay_temple_entry_ruins
D:5:      layout_layer_cave, lemuel_tele_altar, uniq_prince_ribbit1
D:6:      layout_cave_pools, st_stairs_3, mrwooster_statue_mirror,
          minmay_nine_imps
Temple:   eino_temple_water

Skill      XL: |  1  2  3  4  5  6  7  8 |
---------------+-------------------------+-----
Maces & Flails | 3 4 5 6 7 9 |  9.1
Fighting       | 4 5 6 7 |  7.1
Shields        | 4 5 |  5.0
Armour         | 4 5 6 7 |  7.1

Action                     |  1- 3 |  4- 6 |  7- 9 || total
---------------------------+-------+-------+-------++-------
  Melee: Flail             |    97 |   103 |   118 ||   318
         Headbutt          |     8 |    18 |    24 ||    50
  Throw: Dart              |       |       |     4 ||     4
    Use: Scroll            |       |       |     1 ||     1
         Potion            |       |       |     1 ||     1
 Armour: Scale mail        |    62 |    57 |       ||   119
         Plate armour      |       |    11 |   134 ||   145
  Dodge: Dodged            |    45 |    34 |    30 ||   109
  Block: Buckler           |    23 |    11 |    21 ||    55

Table legend: (Time is in decaauts)
 A = Elapsed time spent in this place.
 B = Non-inter-level travel time spent in this place.
 C = Inter-level travel time spent in this place.
 D = Time resting spent in this place.
 E = Time spent auto-exploring this place.
 F = Levels seen in this place.
 G = Mean time per level.
                   A        B        C        D        E       F      G
               +--------+--------+--------+--------+--------+-----+--------+
         Total |   4937 |   4731 |    206 |     71 |   3769 |   7 |  705.3 |
       Dungeon |   4935 |   4729 |    206 |     71 |   3769 |   6 |  822.5 |
        Temple |      1 |      1 |      0 |      0 |      0 |   1 |    1.0 |
               +--------+--------+--------+--------+--------+-----+--------+

Top non-repeatable levels by time:
     D:5: 1362 daAuts
     D:3: 989 daAuts
     D:1: 793 daAuts
     D:4: 733 daAuts
     D:2: 680 daAuts
     D:6: 375 daAuts
  Temple: 1 daAuts
